 Dungeon Sprint DCSS version 0.31-a0-949-g57150269e1 (webtiles) character file.

Game seed: 16015111176858880036

242 sircluck the Ruffian (level 5, 0/61 HPs)
             Began as a Troll Berserker on Oct 22, 2023.
             Was an Elder of Trog.
             Slain by a gnoll
             ... wielding a +0 flail
             ... led by a gnoll bouda
              (11 damage)
             ... in the Dungeon (Sprint VII: "The Pits").
             The game lasted 00:00:34 (190 turns).

sircluck the Ruffian (Troll Berserker)               Turns: 190, Time: 00:00:35

Health: 0/61       AC:  4    Str: 27    XL:     5   Next: 81%
Magic:  4/4        EV: 11    Int:  3    God:    Trog [****..]
Gold:   0          SH:  0    Dex:  9    Spells: 4/4 levels left

rFire   . .          .
                       - Unarmed
rCold   . . .        (no shield)
rNeg    . . .        a - +0 animal skin
rPois   .            (helmet restricted)
rElec   .            (no cloak)
rCorr   .            (gloves unavailable)
SInv    .            (boots unavailable)
Will    .....        (no amulet)
Stlth   +            (no ring)
HPRegen 1.10/turn    (no ring)
MPRegen 0.09/turn

%: no teleportation
@: on berserk cooldown, slowed, very slow
A: large, unfitting armour, claws 3, regeneration 1, shaggy fur 1, tough skin 1
a: Renounce Religion, Berserk, Trog's Hand, Brothers in Arms


You were in the Dungeon.
You worshipped Trog.
Trog was greatly pleased with you.
You visited 1 branch

Inventory:

Armour
 a - a +0 animal skin (worn)
Scrolls
 g - a scroll of blinking
 i - 2 scrolls of vulnerability
 j - a scroll of summoning
Potions
 b - a potion of curing
 c - a potion of heal wounds
 d - a potion of haste
 e - 4 potions of magic
 f - 3 potions of berserk rage
 h - 2 potions of invisibility


   Skills:
 + Level 6.4 Fighting
 + Level 6.3 Dodging
 + Level 7.6 Unarmed Combat


You had 4 spell levels left.
You didn't know any spells.
Your spell library was empty.

Dungeon Overview and Level Annotations

Branches:
Dungeon (1/1)

Altars:
Ashenzari
Cheibriados
Dithmenos
Elyvilon
Fedhas
Gozag
Hepliaklqana
Kikubaaqudgha
Makhleb
Nemelex Xobeh
Okawaru
Qazlal
Ru
Sif Muna
Trog
Uskayaw
Vehumet
Wu Jian
Xom
Yredelemnul
Zin
The Shining One
Jiyva
Lugonu


Innate Abilities, Weirdness & Mutations

You are too large for most types of armour.
You have claws for hands.
Your natural rate of healing is unusually fast.
You are covered in fur. (AC +1)
You have tough skin. (AC +1)


Message History

The adder closely misses you.
Unknown command.
Unknown command.
You mangle the gnoll!!
You kill the gnoll!
Trog accepts your kill. The adder barely misses you.
The gnoll hits you from afar with a +0 spear!
* * * LOW HITPOINT WARNING * * *
The adder misses you.
The gnoll bouda gazes fiercely through you!
You feel your attacks grow feeble.
You mangle the adder!!
You kill the adder!
Trog accepts your kill. The adder bites you but does no damage.
The gnoll hits you but does no damage. The adder closely misses you.
You see here an adder corpse.
You feel a strong urge to attack something.
There is an open door here.
You see here a jackal corpse.
The adder attacks as it pursues you! The adder barely misses you.
You barely miss the adder. Your claw misses the adder.
The gnoll is no longer moving quickly.
The adder barely misses you.
You claw the adder!
You kill the adder!
Trog accepts your kill.
You can now call in reinforcements.
Your attacks no longer feel as feeble.
The gnoll hits you but does no damage.
There is an open door here.
Things that are here:
an adder corpse; a jackal corpse You feel a strong urge to attack something.
You are no longer berserk.
You are exhausted.
You feel yourself slow down.
The gnoll hits you from afar with a +0 spear.
* * * LOW HITPOINT WARNING * * *
The gnoll hits you with a +0 flail!
You die...

#_________.#
#_______...###########++
##########'##...........
#.?(.')))'.##......#..#.
##########.##...........
#...........'...........
+#####'#####......#..#.
#...#†# #...........
#...#@# ####'#####++
#).gg.# #.......#
##g#### #.......#
#.....# #.......#
#.....# #...<...#
#....... #.......#
#........##.......#
###########.......#
#########


You could see a gnoll bouda and 2 gnolls.

Vanquished Creatures
  A glass eye (D)
  A gnoll (D)
  2 adders (D)
  2 giant cockroaches (D)
  3 jackals (D)
  A quokka (D)
  A ball python (D)
11 creatures vanquished.

Notes
Turn   | Place    | Note
-------+----------+-------------------------------------------
     0 | D        | sircluck the Troll Berserker began the quest for the Orb.
     0 | D        | Reached XP level 1. HP: 22/22 MP: 0/0
    11 | D        | Noticed a glass eye
    30 | D        | Killed a glass eye
    31 | D        | Reached skill level 7 in Unarmed Combat
    31 | D        | Reached XP level 2. HP: 36/36 MP: 1/1
    31 | D        | Reached XP level 3. HP: 44/44 MP: 2/2
    31 | D        | Reached XP level 4. HP: 52/52 MP: 3/3
    31 | D        | Reached XP level 5. HP: 59/59 MP: 4/4
   103 | D        | Found a bloodstained altar of Trog.
   103 | D        | Found a shimmering blue altar of Sif Muna.
   103 | D        | Found a viscous altar of Jiyva.
   103 | D        | Found a hazy altar of Hepliaklqana.
   103 | D        | Found an opulent altar of Gozag.
   104 | D        | Found a glowing golden altar of the Shining One.
   104 | D        | Found a glowing silver altar of Zin.
   104 | D        | Found a basalt altar of Yredelemnul.
   104 | D        | Found a shimmering altar of Xom.
   104 | D        | Found an ornate altar of the Wu Jian Council.
   104 | D        | Found a sacrificial altar of Ru.
   104 | D        | Found a stormy altar of Qazlal.
   104 | D        | Found an iron altar of Okawaru.
   104 | D        | Found a sparkling altar of Nemelex Xobeh.
   104 | D        | Found a burning altar of Makhleb.
   104 | D        | Found a blossoming altar of Fedhas.
   104 | D        | Found a white marble altar of Elyvilon.
   104 | D        | Found a shadowy altar of Dithmenos.
   104 | D        | Found a snail-covered altar of Cheibriados.
   117 | D        | Reached ** piety under Trog
   123 | D        | Found a radiant altar of Vehumet.
   123 | D        | Found a corrupted altar of Lugonu.
   124 | D        | Found an ancient bone altar of Kikubaaqudgha.
   124 | D        | Found a hide-covered altar of Uskayaw.
   124 | D        | Found a broken altar of Ashenzari.
   160 | D        | Reached *** piety under Trog
   187 | D        | Reached **** piety under Trog
   190 | D        | Slain by a gnoll

Illustrated notes

Levels and vault maps discovered:
D:        pitsprint [storerooms_1, entrance_room_1, metal_vault_1, armoury_2,
          mini_pit_1, grid_room_1, main_hall_1, silver_pit, the_coven_3,
          the_vestibule_1, steel_vault_4, golden_pit, hallway_of_sentries,
          crystal_vault_3, iron_vault_1, final_vault]

Skill      XL: |  1 |
---------------+----+-----
Fighting       | 6 |  6.4
Dodging        | 6 |  6.3
Unarmed Combat | 7 |  7.6

Action                     |  1- 3 |  4- 6 || total
---------------------------+-------+-------++-------
  Melee: Unarmed           |    18 |    40 ||    58
 Invoke: Berserk           |       |     1 ||     1
   Stab: Sleeping          |       |     1 ||     1
 Armour: Animal skin       |       |    41 ||    41
  Dodge: Dodged            |       |    39 ||    39

Table legend: (Time is in decaauts)
 A = Elapsed time spent in this place.
 B = Non-inter-level travel time spent in this place.
 C = Inter-level travel time spent in this place.
 D = Time resting spent in this place.
 E = Time spent auto-exploring this place.
 F = Levels seen in this place.
 G = Mean time per level.
                   A        B        C        D        E       F      G
               +--------+--------+--------+--------+--------+-----+--------+
         Total |    179 |    167 |     12 |     49 |     39 |   1 |  179.0 |
       Dungeon |    179 |    167 |     12 |     49 |     39 |   1 |  179.0 |
               +--------+--------+--------+--------+--------+-----+--------+

Top non-repeatable levels by time:
       D: 179 daAuts
